 Dungeon Crawl Stone Soup version 0.20.1-1-g8b1a95d (webtiles) character file.

1505 mmigdal the Grappler (level 8, -14/66 (67) HPs)
             Began as a Ghoul Monk on Nov 2, 2017.
             Demolished by an orc
             ... wielding a +1 war axe of electrocution
              (19 damage)
             ... on level 5 of the Dungeon.
             The game lasted 00:32:14 (4348 turns).

mmigdal the Grappler (Ghoul Monk)                   Turns: 4348, Time: 00:32:15

HP:   -14/66 (67)   AC: 11    Str: 17    XL:     8   Next: 82%
MP:   7/7           EV: 11    Int:  8    God:
Gold: 174           SH:  0    Dex: 11    Spells: 7/7 levels left

rFire    + . .     SeeInvis .     - Unarmed
rCold    . . .     Gourm    .   (no shield)
rNeg     + + +     Faith    .   a - +0 scale mail
rPois    ∞         Spirit   .   e - +1 helmet
rElec    .         Reflect  .   z - +0 cloak
rCorr    .         Harm     .   (no gloves)
MR       .....                  y - +0 pair of boots
Stlth    +.........             w - amulet of regeneration
Regen    0.0/turn               v - ring of fire
MPRegen  0.1/turn               l - +3 ring of intelligence

@: rotting
A: rotting body, claws 1, carnivore 3, cold resistance 1, negative energy
resistance 3, inhibited regeneration, torment resistance, unbreathing
a: no special abilities


You were on level 5 of the Dungeon.
You were not hungry.

You visited 1 branch of the dungeon, and saw 5 of its levels.

You collected 174 gold pieces.

Inventory:

Hand Weapons
 A - a +2 shortbow of flaming
Missiles
 f - 202 stones (quivered)
 g - 12 sling bullets
 B - 25 arrows
Armour
 a - a +0 scale mail (worn)
 e - a +1 helmet (worn)
 y - a +0 pair of boots (worn)
 z - a +0 cloak (worn)
Jewellery
 j - an uncursed amulet of harm
 l - a +3 ring of intelligence (right claw)
 v - a ring of fire (left claw)
 w - an amulet of regeneration (around neck)
Wands
 t - a wand of confusion (23/48)
Scrolls
 c - 3 scrolls of remove curse
 d - a scroll of magic mapping
 n - 2 scrolls of enchant weapon
 o - a scroll of fog {unknown}
 r - 2 scrolls of random uselessness
 s - 2 scrolls of noise {unknown}
 u - a scroll of fear {unknown}
Potions
 h - 3 potions of agility
 i - a potion of cancellation
 k - a potion of haste
 p - 2 potions of curing {unknown}
 x - 2 potions of degeneration {unknown}
Comestibles
 b - 2 meat rations
 m - 10 chunks of flesh


   Skills:
 + Level 4.4 Fighting
 + Level 2.2 Bows
 + Level 2.9 Throwing
 + Level 3.9 Armour
 + Level 4.1 Dodging
 + Level 3.0 Stealth
 + Level 8.3 Unarmed Combat


You had 7 spell levels left.
You didn't know any spells.

Dungeon Overview and Level Annotations

Branches:
Dungeon (5/15)
 Temple: D:4-7

Altars:
Gozag
Nemelex Xobeh
Okawaru

Shops:
D:4 !


Innate Abilities, Weirdness & Mutations

Your body is rotting away.
You thrive on raw meat.
You are immune to poison.
You have sharp fingernails.
You are carnivorous and can eat meat at any time.
Your flesh is cold resistant. (rC+)
You are immune to negative energy. (rN+++)
You do not regenerate when monsters are visible.
You are immune to unholy pain and torment.
You can survive without breathing.


Message History

You scratch the orc priest.
The orc priest is heavily wounded.
The orc priest calls down the wrath of Beogh upon you.
Beogh smites you!
You scratch the orc priest. Your claw misses the orc priest.
The orc priest is almost dead.
The orc priest mumbles some strange prayers to Beogh against you.
Beogh smites you!
You barely miss the orc priest.
The orc priest is almost dead.
You claw the orc priest!
You kill the orc priest!
You closely miss the orc.
The orc hits you with a war axe of electrocution.
* * * LOW HITPOINT WARNING * * *
You are electrocuted!
* * * LOW HITPOINT WARNING * * *
You scratch the orc but do no damage. The orc hits you but does no damage.
You are electrocuted!
You die...

........#
#...........#
........#
#...........#
........#
#...........#
..#######
#...........#
..#
#...........#
..#
+...........#
..#
#......)....#
..#
#...........#
###
#..@.<......#
###o##...>..#
#....#......#
#....#.)....#
#....#.)....#..
#....#.)....'..
#....#......#..
#....#......#..
##...#......#


You could see an orc.

Vanquished Creatures
  Sigmund (D:2)
  An ice beast (D:4)
  A phantom (D:5)
  2 ogres (D:4)
  2 centaurs (D:4)
  Blork the orc (D:4)
  2 howler monkeys (D:5)
  2 crimson imps (D:5)
  6 orc wizards
  3 orc priests
  2 hounds (D:5)
  A bullfrog skeleton (D:5)
  Ijyb (D:3)
  A worker ant (D:5)
  7 gnolls (D:5)
  5 adders
  2 adder skeletons (D:4)
  2 worms
  2 dart slugs (D:2)
  3 leopard geckos
  14 orcs
  10 giant cockroaches
  8 goblins
  10 hobgoblins
  9 jackals
  10 kobolds
  5 quokkas
  2 ball pythons (D:1)
  6 bats
  6 frilled lizards
  A leopard gecko skeleton (D:5)
  2 leopard gecko zombies (D:1)
  4 rats
134 creatures vanquished.

Notes
Turn   | Place    | Note
-------+----------+-------------------------------------------
     0 | D:1      | mmigdal the Ghoul Monk began the quest for the Orb.
     0 | D:1      | Reached XP level 1. HP: 19/19 MP: 0/0
   166 | D:1      | Reached XP level 2. HP: 21/26 MP: 1/1
   822 | D:2      | Found an iron altar of Okawaru.
   832 | D:2      | Reached XP level 3. HP: 31/31 MP: 2/2
   837 | D:2      | Reached skill level 4 in Unarmed Combat
  1185 | D:2      | Reached XP level 4. HP: 29/38 MP: 3/3
  1609 | D:2      | Noticed Sigmund
  1634 | D:2      | Killed Sigmund
  1634 | D:2      | Reached skill level 1 in Throwing
  1634 | D:2      | Reached skill level 1 in Armour
  1634 | D:2      | Reached skill level 5 in Unarmed Combat
  1634 | D:2      | Reached XP level 5. HP: 38/46 MP: 4/4
  1634 | D:2      | Reached XP level 6. HP: 43/52 MP: 5/5
  1797 | D:3      | Noticed Ijyb
  1820 | D:3      | Killed Ijyb
  2296 | D:3      | Reached skill level 6 in Unarmed Combat
  2355 | D:3      | Found a sparkling altar of Nemelex Xobeh.
  2550 | D:4      | Found Xewibaez's Food Emporium.
  2660 | D:4      | Reached XP level 7. HP: 43/59 MP: 6/6
  2668 | D:4      | Found Ratogup's Distillery.
  2784 | D:4      | Noticed Blork the orc
  2791 | D:4      | Killed Blork the orc
  2964 | D:4      | Reached skill level 7 in Unarmed Combat
  3010 | D:4      | Found an opulent altar of Gozag.
  3316 | D:4      | Reached skill level 1 in Bows
  3431 | D:5      | Entered Level 5 of the Dungeon
  3451 | D:4      | Reached XP level 8. HP: 19/65 MP: 7/7
  4092 | D:5      | Reached skill level 8 in Unarmed Combat
  4348 | D:5      | Demolished by an orc

Skill      XL: |  1  2  3  4  5  6  7  8 |
---------------+-------------------------+-----
Dodging        | 3 4 |  4.1
Unarmed Combat | 4 5 6 7 8 |  8.3
Throwing       | 1 2 |  2.9
Armour         | 1 2 3 |  3.9
Fighting       | 4 |  4.4
Bows           | 1 2 |  2.2
Stealth        | 3 |  3.0

Action                   |  1- 3 |  4- 6 |  7- 9 || total
-------------------------+-------+-------+-------++-------
Melee: Unarmed           |   123 |   148 |   222 ||   493
       Punch             |     1 |     2 |     5 ||     8
 Fire: Shortbow          |       |       |    35 ||    35
Throw: Stone             |    15 |    78 |    31 ||   124
  Use: Scroll            |       |     2 |     7 ||     9
  Eat: Chunk             |     5 |     2 |     3 ||    10
       Meat ration       |       |       |     1 ||     1
Armor: Robe              |    26 |       |       ||    26
       Scale mail        |     4 |    67 |    96 ||   167
       Ring mail         |     3 |       |       ||     3
Dodge: Dodged            |    66 |    92 |    96 ||   254
